 Dungeon Crawl Stone Soup version 0.26-a0-651-gb41185065b (webtiles) character file.

Game seed: 17795472870788297671

2195 kae the Grappler (level 9, -8/61 HPs)
             Began as a Demonspawn Gladiator on Oct 14, 2020.
             Was a Follower of Wu Jian.
             Shot with an arrow by a centaur (10 damage)
             ... on level 7 of the Dungeon.
             The game lasted 00:07:36 (9743 turns).

kae the Grappler (Demonspawn Gladiator)             Turns: 9743, Time: 00:07:37

Health: -8/61      AC:  8    Str: 17    XL:     9   Next: 12%
Magic:  9/9        EV: 17    Int: 11    God:    Wu Jian [*.....]
Gold:   220        SH:  0    Dex: 14    Spells: 8/8 levels left

rFire    . . .     SeeInvis .     - Unarmed
rCold    . . .     Faith    .   (no shield)
rNeg     . . .     Spirit   .   a - +2 leather armour
rPois    .         Reflect  .   b - +0 helmet
rElec    .         Harm     .   (no cloak)
rCorr    .         Rampage  .   (no gloves)
MR       .....                  (no boots)
Stlth    +.........             (no amulet)
HPRegen  0.20/turn              (no ring)
MPRegen  0.11/turn              (no ring)

@: agile, lightly drained
A: talons 1, foul stench 1, powered by pain 1, rot immunity, sharp scales 2
a: Renounce Religion


You were on level 7 of the Dungeon.
You worshipped Wu Jian.
Wu Jian was aware of your devotion.
You visited 2 branches of the dungeon, and saw 8 of its levels.

You collected 330 gold pieces.
You spent 110 gold pieces at shops.

Inventory:

Hand Weapons
 g - a +1 whip
Missiles
 c - 3 throwing nets (quivered)
Armour
 a - a +2 leather armour (worn)
 b - a +0 helmet (worn)
Jewellery
 m - an uncursed amulet of regeneration
Wands
 h - a wand of flame (2)
 l - a wand of disintegration (6)
Scrolls
 d - 3 scrolls of remove curse
 e - a scroll of fear
 o - a scroll of identify
 r - a scroll of teleportation {unknown}
 s - a scroll of magic mapping
Potions
 f - 2 potions of brilliance
 i - 3 potions of mutation
 j - a potion of haste
 k - a potion of stabbing
 n - 2 potions of resistance
 p - a potion of curing
 q - a potion of flight


   Skills:
 - Level 2.0(1.7) Fighting
 - Level 1.7(1.5) Throwing
 - Level 2.6(2.4) Dodging
 + Level 11.3(11.0) Unarmed Combat


You had 8 spell levels left.
You didn't know any spells.
Your spell library contained the following spells:

 Spells                   Type           Power        Failure   Level
 Confusing Touch          Hex            #.......     78%         3
 Gell's Gravitas          Tloc           #.........   78%         3
 Petrify                  Tmut/Erth      #.......     99%         4
 Metabolic Englaciation   Hex/Ice        #.........   100%        5
 Yara's Violent Unravell  Hex/Tmut       #.........   100%        5


Dungeon Overview and Level Annotations

Branches:
Dungeon (7/15)             Temple (1/1) D:4

Altars:
Cheibriados
Dithmenos
Elyvilon
Fedhas
Gozag
Kikubaaqudgha
Makhleb
Nemelex Xobeh
Okawaru
Qazlal
Sif Muna
Trog
Uskayaw
Vehumet
Wu Jian
Xom
Yredelemnul
Zin
The Shining One

Shops:
D:6 ?

Annotations:
D:2 1 runed translucent door, Crazy Yiuf
D:3 exclusions: ogre and 4 more exclusions


Innate Abilities, Weirdness & Mutations

You have sharp toenails.
You may emit foul miasma when damaged in melee.
You sometimes gain a little power by taking damage.
You are immune to rotting.
You are mostly covered in razor-sharp scales. (AC +2, Slay +2)


Message History

* * * LOW HITPOINT WARNING * * *
You spin and attack the orc warrior repeatedly.
You hit the orc warrior but do no damage.
You claw the orc warrior, but do no damage.
The orc warrior is moderately wounded.
You punch the orc warrior!
The orc warrior is heavily wounded.
The orc warrior hits you with a +2 vorpal mace.
* * * LOW HITPOINT WARNING * * *
x2
Things that are here:
a +0 trident; an orc corpse
Okay, then.
Found a pair of gloves.
A centaur comes into view.
The centaur shouts!
The centaur wields a +0 shortbow.
The centaur shoots an arrow.
The arrow hits you but does no damage.
You see here an arrow.
The centaur shoots an arrow.
The arrow hits you!
You die...

#..............................#
#...........................##
#...........))..........)†).#
#.....................#######
#..........÷(((..).)..#
#..........)..........#
#.................o...#
#................(....#
#....†......)...@.....#
......................#
#.....................#
........................
#.....................###
#..................c.[#
#.....................#
......................#
#####..#..#.###


You could see an orc warrior (sick) and a centaur.

Vanquished Creatures
  A hornet zombie (D:6)
  3 ogres
  2 centaurs
  An ice beast (D:6)
  Blork the orc (D:5)
  A scorpion (D:7)
  8 wights
  A howler monkey (D:4)
  A bullfrog zombie (D:5)
  2 hounds
  An iron imp (D:6)
  A centaur skeleton (D:6)
  4 orc wizards (D:4)
  4 orc priests
  A gnoll shaman (D:6)
  5 iguanas
  Ijyb (D:3)
  4 worker ants
  A hound skeleton (D:6)
  3 worker ant zombies
  Robin (D:2)
  13 gnolls (D:6)
  2 howler monkey skeletons (D:6)
  11 adders
  An ufetubus (D:5)
  An adder skeleton (D:7)
  3 worms
  2 leopard geckos
  18 orcs
  A ball python (D:4)
  14 bats
  5 giant cockroaches
  20 goblins
  14 hobgoblins
  7 jackals
  2 quokkas (D:3)
  5 frilled lizards
  A jackal skeleton (D:6)
  4 kobolds
  2 quokka skeletons
  5 rats
178 creatures vanquished.

Vanquished Creatures (others)
  An orc priest (D:4)
1 creature vanquished.

Grand Total: 179 creatures vanquished

Notes
Turn   | Place    | Note
-------+----------+-------------------------------------------
     0 | D:1      | kae the Demonspawn Gladiator began the quest for the Orb.
     0 | D:1      | Reached XP level 1. HP: 16/16 MP: 1/1
   266 | D:1      | Reached skill level 3 in Unarmed Combat
   511 | D:1      | Gained mutation: You are partially covered in razor-sharp
                  | scales. (AC +1, Slay +1) [demonic ancestry]
   511 | D:1      | Reached XP level 2. HP: 22/22 MP: 2/2
  1087 | D:2      | Gained mutation: You have sharp toenails. [demonic
                  | ancestry]
  1087 | D:2      | Reached XP level 3. HP: 7/27 MP: 3/3
  1182 | D:2      | Noticed a +0 dagger
  1183 | D:2      | Noticed a +0 dagger
  1184 | D:2      | Found a hide-covered altar of Uskayaw.
  1407 | D:2      | Reached skill level 4 in Unarmed Combat
  1541 | D:2      | Noticed Robin
  1951 | D:2      | Killed Robin
  1958 | D:2      | Gained mutation: You sometimes gain a little power by
                  | taking damage. [demonic ancestry]
  1958 | D:2      | Reached XP level 4. HP: 8/33 MP: 4/4
  2511 | D:2      | Found a runed translucent door.
  2512 | D:2      | Noticed Crazy Yiuf
  3210 | D:3      | Reached skill level 5 in Unarmed Combat
  3593 | D:3      | Gained mutation: You are mostly covered in razor-sharp
                  | scales. (AC +2, Slay +2) [demonic ancestry]
  3593 | D:3      | Reached XP level 5. HP: 38/38 MP: 5/5
  3817 | D:3      | Noticed an ogre
  3975 | D:3      | Noticed Ijyb
  3989 | D:3      | Killed Ijyb
  4650 | D:4      | Reached skill level 6 in Unarmed Combat
  4656 | D:4      | Gained mutation: You are immune to rotting. [demonic
                  | ancestry]
  4656 | D:4      | Reached XP level 6. HP: 16/44 MP: 6/6
  5514 | D:4      | Reached skill level 7 in Unarmed Combat
  5694 | D:4      | Gained mutation: You may emit foul miasma when damaged in
                  | melee. [demonic ancestry]
  5694 | D:4      | Reached XP level 7. HP: 8/50 MP: 7/7
  5993 | D:4      | Found a staircase to the Ecumenical Temple.
  6009 | Temple   | Entered the Ecumenical Temple
  6073 | Temple   | Became a worshipper of the Wu Jian Council
  6791 | D:4      | Reached skill level 8 in Unarmed Combat
  6970 | D:5      | Entered Level 5 of the Dungeon
  7066 | D:5      | Found a burning altar of Makhleb.
  7077 | D:5      | Found a shadowy altar of Dithmenos.
  7341 | D:5      | Found a sparkling altar of Nemelex Xobeh.
  7709 | D:5      | Found an opulent altar of Gozag.
  7782 | D:5      | Noticed Blork the orc
  7795 | D:5      | Killed Blork the orc
  7799 | D:5      | Found a shimmering blue altar of Sif Muna.
  7952 | D:6      | Reached skill level 9 in Unarmed Combat
  7952 | D:6      | Reached XP level 8. HP: 43/56 MP: 8/8
  8274 | D:6      | Found Figeg's Magic Scroll Emporium.
  8400 | D:6      | Bought 2 scrolls of identify for 44 gold pieces
  8400 | D:6      | Bought a scroll of identify for 22 gold pieces
  8400 | D:6      | Bought a scroll of identify for 22 gold pieces
  8400 | D:6      | Bought a scroll of identify for 22 gold pieces
  8432 | D:6      | Reached skill level 10 in Unarmed Combat
  8434 | D:6      | Reached * piety under Wu Jian
  8616 | D:6      | Found a snail-covered altar of Cheibriados.
  8742 | D:6      | Found a white marble altar of Elyvilon.
  9229 | D:6      | Found a glowing silver altar of Zin.
  9230 | D:6      | Found a blossoming altar of Fedhas.
  9504 | D:7      | Reached skill level 11 in Unarmed Combat
  9506 | D:7      | Reached XP level 9. HP: 61/61 MP: 9/9
  9734 | D:7      | HP: 3/61 [orc warrior/+2 vorpal mace (6)]
  9735 | D:7      | HP: 1/61 [orc warrior/+2 vorpal mace (1)]
  9743 | D:7      | Shot with an arrow by a centaur

Illustrated notes

Levels and vault maps discovered:
D:1:      psy_arrival_radial02, layout_rooms
D:2:      layout_loops_ring, dancing_weapons_uskayaw, minivault_14, uniq_robin,
          uniq_crazy_yiuf_cottage
D:3:      minmay_bubble_buster, layout_basic, minmay_goblin_outpost, uniq_ijyb
D:4:      layout_loops_corners, minmay_temple_entry_glassed_door,
          serial_park_tiny_2
D:5:      layout_gridville, tgw_sif, kennysheep_mini_moat, minitemple,
          nicolae_gozag_seed_capital
D:6:      layout_cave_pods, elyvilon_altar_4, slow_altar_2,
          gammafunk_temple_overflow_pools, serial_shops, nicolae_shop_crystal
D:7:      layout_basic
Temple:   eino_wide_crystal_templ

Skill      XL: |  1  2  3  4  5  6  7  8 |
---------------+-------------------------+-----
Unarmed Combat | 3 4 5 6 7 9 11 | 11.3
Fighting       | |  2.0
Throwing       | |  1.7
Dodging        | |  2.6

Action                   |  1- 3 |  4- 6 |  7- 9 || total
-------------------------+-------+-------+-------++-------
Melee: Whip              |   123 |   228 |    59 ||   410
       Unarmed           |    17 |       |   159 ||   176
       Kick              |    15 |    71 |    80 ||   166
       Punch             |     1 |    11 |     8 ||    20
Invok: Lunge             |       |       |    21 ||    21
       Whirlwind         |       |       |    11 ||    11
Evoke: Wand              |       |       |    10 ||    10
  Use: Scroll            |     4 |     6 |     9 ||    19
       Potion            |     1 |     2 |       ||     3
 Stab: Invisible         |       |     2 |       ||     2
Armor: Leather armour    |    44 |    74 |    30 ||   148
Dodge: Dodged            |    85 |   145 |   108 ||   338

Table legend: (Time is in decaauts)
 A = Elapsed time spent in this place.
 B = Non-inter-level travel time spent in this place.
 C = Inter-level travel time spent in this place.
 D = Time resting spent in this place.
 E = Time spent auto-exploring this place.
 F = Levels seen in this place.
 G = Mean time per level.
                   A        B        C        D        E       F      G
               +--------+--------+--------+--------+--------+-----+--------+
         Total |   9749 |   9497 |    252 |   1537 |   6756 |   8 | 1218.6 |
       Dungeon |   9675 |   9442 |    233 |   1537 |   6705 |   7 | 1382.1 |
        Temple |     74 |     55 |     19 |      0 |     51 |   1 |   74.0 |
               +--------+--------+--------+--------+--------+-----+--------+

Top non-repeatable levels by time:
     D:4: 2064 daAuts
     D:3: 1992 daAuts
     D:6: 1462 daAuts
     D:2: 1449 daAuts
     D:1: 1415 daAuts
     D:5: 969 daAuts
     D:7: 321 daAuts
  Temple: 74 daAuts
